 Dungeon Crawl Stone Soup version 0.17-a0-410-gb2cdbc8 (webtiles) character file.

30 Sixotanaka the Poker (level 3, -2/29 HPs)
             Began as a Merfolk Abyssal Knight on Apr 1, 2015.
             Was a Believer of Lugonu.
             Slain by a gnoll
             ... wielding a +0 halberd
              (14 damage)
             ... on level 1 of the Dungeon on Apr 2, 2015.
             The game lasted 00:03:17 (1282 turns).

Sixotanaka the Poker (Merfolk Abyssal Knight)       Turns: 1282, Time: 00:03:17

Health: -2/29      AC:  3    Str: 12    XL:     3   Next: 18%
Magic:  4/4        EV: 12    Int: 11    God:    Lugonu [**....]
Gold:   68         SH:  0    Dex: 14    Spells: 0 memorised, 2 levels left

rFire  . . .     SeeInvis .     a - +1 spear
rCold  . . .     Clarity  .     b - +0 leather armour
rNeg   . . .     SustAb   .     (no shield)
rPois  .         Gourm    .     (no helmet)
rElec  .         Spirit   .     (no cloak)
rCorr  .         Warding  .     (no gloves)
rMut   .         Stasis   .     (no boots)
MR     .....                    (no amulet)
Stlth  +.........               (no ring)
                                (no ring)

@: not resistant to hostile enchantments, very unstealthy
A: change form in water, swift swim
a: Depart the Abyss, Bend Space, Renounce Religion


You were on level 1 of the Dungeon.
You worshipped Lugonu.
Lugonu was pleased with you.
You were very hungry.

You visited 1 branch of the dungeon, and saw 2 of its levels.
You visited the Abyss 1 time.

You collected 68 gold pieces.


   Skills:
 - Level 3.2 Fighting
 + Level 5.2 Polearms
 - Level 0.6 Armour
 - Level 2.6 Dodging
 - Level 2.0 Invocations


You had 2 spell levels left.
You didn't know any spells.

Dungeon Overview and Level Annotations

Branches:
Dungeon (2/15)

Altars:

Inventory:

Hand weapons
 a - a +1 spear (weapon)
Armour
 b - a +0 leather armour (worn)
Scrolls
 d - a scroll of recharging {unknown}
 f - 2 scrolls of teleportation {unknown}
 g - 2 scrolls of immolation {unknown}
 j - a scroll of identify {unknown}
Potions
 e - a potion of invisibility {unknown}
 h - a potion of might {unknown}
Comestibles
 c - a bread ration
 i - a meat ration
 k - a beef jerky
 l - 4 fruits

#.# #.# #.# #.#
##########.# #.#
...........# #.#
......###### #.####
......# #....#
.###### ####.#
.###################
#.#
..............g.@..#
#.#
........##########.#
#.# ...>.....# #.#
#.# #........# #.#
#.# #........# #.#
#.# #........# #.#
#.# .........#
#.#####.##
#.#.####)#
###......# #.#.#
#.######## #.######


You could see a gnoll.


Message History

Aim: a worm (almost dead)
You reach to attack!
You barely miss the worm.
Attack whom?
Aim: a worm (almost dead)
You reach to attack!
You hit the worm.
You kill the worm!
Lugonu accepts your kill.
Your Polearms skill increases to level 5!
You have reached level 3!
Your experience leads to an increase in your attributes!
Increase (S)trength, (I)ntelligence, or (D)exterity?
You feel agile.
You start waiting.
You are feeling very hungry. 3 gnolls come into view.
The gnoll shouts! x2
A gnoll comes into view. It is wielding a club.
There are monsters nearby!
There are monsters nearby!
The gnoll shouts!
Attack whom?
Aim: a gnoll You reach to attack!
You hit the gnoll.
Attack whom?
Aim: a gnoll (lightly wounded)
You reach to attack!
You barely miss the gnoll. You hit the gnoll. The gnoll hits you.
You hit the gnoll. The gnoll completely misses you.
The gnoll barely misses you.
There is an open door here.
Attack whom?
Aim: a gnoll, wielding a halberd You reach to attack!
You closely miss the gnoll. The gnoll barely misses you.
A bat comes into view.
There is a stone staircase leading up here.
The bat barely misses you. The gnoll misses you. The bat closely misses you.
The gnoll closely misses you.
There is a stone staircase leading up here.
The bat completely misses you. The gnoll hits you with a halberd!
The gnoll hits you from afar with a spear.
* * * LOW HITPOINT WARNING * * *
You climb upwards.
There is a stone staircase leading down here.
The gnoll closely misses you.
Read which item? (? for menu, Esc to quit)
Okay, then.
Attack whom?
Aim: a gnoll, wielding a halberd You reach to attack!
You closely miss the gnoll.
The gnoll hits you from afar with a halberd.
* * * LOW HITPOINT WARNING * * *
Attack whom?
Aim: a gnoll, wielding a halberd You reach to attack!
You hit the gnoll. The gnoll barely misses you.
Drink which item? (? for menu, Esc to quit)
Okay, then.
Attack whom?
Aim: a gnoll, wielding a halberd (moderately wounded)
You reach to attack!
You hit the gnoll.
Attack whom?
Aim: a gnoll, wielding a halberd (severely wounded)
You reach to attack!
You closely miss the gnoll. The gnoll closely misses you.
Attack whom?
Aim: a gnoll, wielding a halberd (severely wounded)
You reach to attack!
You hit the gnoll.
Attack whom?
Aim: a gnoll, wielding a halberd (severely wounded)
You reach to attack!
You hit the gnoll.
The gnoll hits you from afar with a halberd!
You die...

Action                   || total
-------------------------++-------
Melee: Spear             ||   108

Vault maps used:
D:1:      minmay_arrival_cross, hex_large

Notes
Turn   | Place    | Note
--------------------------------------------------------------
     0 | Abyss:1  | Sixotanaka, the Merfolk Abyssal Knight, began the quest for the Orb.
     0 | Abyss:1  | Reached XP level 1. HP: 18/18 MP: 2/2
    28 | D:1      | Escaped the Abyss
   100 | D:1      | Reached skill level 4 in Polearms
   100 | D:1      | Reached XP level 2. HP: 20/24 MP: 3/3
   579 | D:1      | Acquired Lugonu's second power
  1134 | D:2      | Reached skill level 5 in Polearms
  1134 | D:2      | Reached XP level 3. HP: 29/29 MP: 4/4
  1282 | D:1      | Slain by a gnoll

Vanquished Creatures
  A worm (D:2)
  A ball python (D:1)
  2 bats (D:1)
  7 goblins
  6 hobgoblins (D:1)
  A giant newt (D:1)
  A kobold (D:1)
  3 rats (D:1)
22 creatures vanquished.
